 Dungeon Crawl Stone Soup version 0.26.0-18-gc5c842f807 (webtiles) character file.

Game seed: 17240711493078874607

503 kaeus the Skirmisher (level 6, -6/49 HPs)
             Began as a Demonspawn Fighter on Jan 22, 2021.
             Was an Initiate of Makhleb.
             Mangled by an orc warrior
             ... wielding a +0 hand axe
             ... led by the fury of Okawaru
              (8 damage)
             ... while paralysed by an orc sorcerer
             ... on level 5 of the Dungeon.
             The game lasted 00:03:45 (2456 turns).

kaeus the Skirmisher (Demonspawn Fighter)           Turns: 2456, Time: 00:03:45

Health: -6/49      AC: 10    Str: 17 (19) XL:     6   Next: 96%
Magic:  6/6        EV:  2    Int:  6 (9)  God:    Makhleb [......]
Gold:   173        SH:  0    Dex: 10 (12) Spells: 5/5 levels left

rFire    . . .     SeeInvis .   a - +1 war axe
rCold    . . .     Faith    .   c - +0 kite shield
rNeg     . . .     Spirit   .   b - +0 scale mail
rPois    +         Reflect  .   i - +0 helmet (curse)
rElec    .         Harm     .   (no cloak)
rCorr    .         Rampage  .   (no gloves)
Will     .....                  (no boots)
Stlth    ..........             l - amulet of regeneration
HPRegen  0.56/turn              h - ring of poison resistance
MPRegen  0.10/turn              (no ring)

@: paralysed, mighty
A: yellow scales 1, powered by death 3
a: Renounce Religion


You were on level 5 of the Dungeon.
You worshipped Makhleb.
Makhleb was noncommittal.
You visited 1 branch of the dungeon, and saw 5 of its levels.

You collected 173 gold pieces.

Inventory:

Hand Weapons
 a - a +1 war axe (weapon)
Armour
 b - a +0 scale mail (worn)
 c - a +0 kite shield (worn)
 i - a cursed +0 helmet (worn)
Jewellery
 h - a ring of poison resistance (left hand)
 l - an amulet of regeneration (around neck)
Scrolls
 e - a scroll of teleportation
 f - 3 scrolls of amnesia
 g - 6 scrolls of identify
 j - 2 scrolls of fear
 m - a scroll of enchant weapon
 n - a scroll of remove curse
 q - a scroll of blinking {unknown}
 r - a scroll of magic mapping
Potions
 d - a potion of might
 k - a potion of degeneration
 o - 3 potions of mutation {unknown}
 p - a potion of lignification {unknown}
 s - a potion of cancellation {unknown}


   Skills:
 + Level 4.6 Fighting
 + Level 3.7 Axes
 + Level 4.2 Armour
 + Level 4.2 Shields


You had 5 spell levels left.
You didn't know any spells.
Your spell library was empty.

Dungeon Overview and Level Annotations

Branches:
Dungeon (5/15)
 Temple: D:4-7

Altars:
Makhleb
Nemelex Xobeh
Okawaru
Ru

Annotations:
D:3 Sigmund


Innate Abilities, Weirdness & Mutations

You are partially covered in yellow scales. (AC +2)
You regenerate a lot of health from kills.


Message History

You closely miss the orc sorcerer. You closely miss the orc warrior.
You block the orc knight's attack.
The orc sorcerer hits you with a +1 dagger of distortion.
You block the orc warrior's attack.
The orc knight hits you with a +0 vorpal war axe!
You take 12 damage, and have 28/49 hp.
MASSIVE DAMAGE!!
Okay, then.
You feel very mighty all of a sudden.
The orc sorcerer hits you but does no damage.
Space bends around you. You block the orc warrior's attack.
You take 3 damage, and have 25/49 hp.
It was a potion of degeneration.
There was something very wrong with that liquid.
You feel weakened.
You feel dopey.
You feel clumsy.
The orc knight hits you with a +0 vorpal war axe!!
* * * LOW HITPOINT WARNING * * *
x2 The orc sorcerer gestures at you while chanting.
You suddenly lose the ability to move!
The orc warrior hits you with a +0 hand axe!
You die...

#........###..##
##...##.####....
##......#.#....
###..#..##...#..
#....##.##.#####
###...#.........#
#.#........#.....
###o........##.####
#o@#..#......#..##.
###o.........#.....
#....#....##.....
#..###...>.......
#### ##.##..##...
#..##.......
#...........
##.[.##.....
#....#......


You could see an orc knight, an orc sorcerer and an orc warrior.

Vanquished Creatures
  Blork the orc (D:5)
  A centaur zombie (D:5)
  A bullfrog zombie (D:5)
  A hound (D:2)
  A jelly (D:5)
  An orc wizard (D:5)
  An iguana (D:5)
  3 worker ants (D:5)
  A hound skeleton (D:5)
  8 gnolls (D:2)
  2 adders
  A shadow imp (D:5)
  A worm (D:2)
  A leopard gecko (D:3)
  5 orcs (D:5)
  5 bats (D:1)
  8 giant cockroaches
  10 goblins
  4 hobgoblins
  13 jackals
  3 kobolds (D:1)
  A quokka (D:2)
  3 frilled lizards
  5 rats
81 creatures vanquished.

Notes
Turn   | Place    | Note
-------+----------+-------------------------------------------
     0 | D:1      | kaeus the Demonspawn Fighter began the quest for the Orb.
     0 | D:1      | Reached XP level 1. HP: 18/18 MP: 1/1
    67 | D:1      | Gained mutation: You are partially covered in yellow
                  | scales. (AC +2) [demonic ancestry]
    67 | D:1      | Reached XP level 2. HP: 20/24 MP: 2/2
   673 | D:1      | Gained mutation: You regenerate a little health from kills.
                  | [demonic ancestry]
   673 | D:1      | Reached XP level 3. HP: 29/29 MP: 3/3
   973 | D:2      | Gained mutation: You regenerate health from kills. [demonic
                  | ancestry]
   973 | D:2      | Reached XP level 4. HP: 23/35 MP: 4/4
  1217 | D:2      | Found an iron altar of Okawaru.
  1246 | D:2      | Became a worshipper of Warmaster Okawaru
  1423 | D:2      | Reached XP level 5. HP: 42/42 MP: 5/5
  1595 | D:2      | Found a burning altar of Makhleb.
  1610 | D:2      | Fell from the grace of Okawaru
  1610 | D:2      | Became a worshipper of Makhleb the Destroyer
  1682 | D:2      | Found a sacrificial altar of Ru.
  2008 | D:3      | Noticed Sigmund
  2008 | D:3      | You fall into a shaft and drop 2 floors!
  2008 | D:5      | Entered Level 5 of the Dungeon
  2008 | D:5      | Found a sparkling altar of Nemelex Xobeh.
  2121 | D:5      | Gained mutation: You regenerate a lot of health from kills.
                  | [demonic ancestry]
  2121 | D:5      | Reached XP level 6. HP: 48/48 MP: 6/6
  2182 | D:5      | Noticed Blork the orc
  2198 | D:5      | Killed Blork the orc
  2448 | D:4      | Noticed an orc knight
  2448 | D:4      | Noticed an orc warrior
  2448 | D:4      | Noticed an orc warrior
  2448 | D:4      | Noticed an orc sorcerer
  2456 | D:5      | HP: 2/49 [orc knight/+0 vorpal war axe[the fury of Okawaru]
                  | (5)]
  2456 | D:5      | Paralysed by an orc sorcerer for 5 turns
  2456 | D:5      | Mangled by an orc warrior

Illustrated notes

Levels and vault maps discovered:
D:1:      lightli_arrival_isolated_outpost, layout_loops_corners, minmay_cut_off
D:2:      layout_loops_cross, lemuel_coloured_pillars_altar, okawaru_gym_becter,
          minmay_misc_feat_rugged, grunt_decor_mini_mirrors,
          makhleb_heckhound_becter
D:3:      layout_rooms, general_overflow_altar, portal_sewer_entry_d,
          uniq_sigmund, uniq_natasha
D:4:      layout_gridville, grunt_dithmenos_shadows, minmay_lizard_king,
          uniq_edmund, uniq_grinder
D:5:      layout_cave_pools, lemuel_crystal_altar, serial_glass,
          glass_columns_a, glass_columns_a, uniq_blork_the_orc

Skill      XL: |  1  2  3  4  5  6 |
---------------+-------------------+-----
Axes           | 2 3 |  3.7
Armour         | 3 4 |  4.2
Shields        | 3 4 |  4.2
Fighting       | 4 |  4.6

Action                   |  1- 3 |  4- 6 || total
-------------------------+-------+-------++-------
Melee: War axe           |    86 |   168 ||   254
  Use: Scroll            |       |     6 ||     6
       Potion            |       |     2 ||     2
Armor: Scale mail        |    55 |    89 ||   144
Dodge: Dodged            |    38 |    58 ||    96
Block: Kite shield       |    58 |    96 ||   154
